 Dungeon Crawl Stone Soup version 0.30-a0-1074-g5db6f66fbb (webtiles) character file.

Game seed: 11093639662820702144

1832 pokedragonboy the Destroyer (level 9, -1/45 HPs)
             Began as a Tengu Conjurer on Apr 13, 2023.
             Was an Initiate of Vehumet.
             Killed from afar by a steam dragon (8 damage)
             ... with a ball of steam
             ... on level 7 of the Dungeon.
             The game lasted 00:16:15 (7902 turns).

pokedragonboy the Destroyer (Tengu Conjurer)        Turns: 7902, Time: 00:16:16

Health: -1/45      AC:  6    Str:  7    XL:     9   Next: 11%
Magic:  11/18      EV: 19    Int: 23    God:    Vehumet [......]
Gold:   250        SH:  0    Dex: 13    Spells: 12/19 levels left

rFire   . . .      SeeInvis .    h - +0 short sword (elec)
rCold   + . .      Faith    .    (no shield)
rNeg    . . .      Spirit   .    a - +0 robe
rPois   .          Reflect  .    (helmet restricted)
rElec   .          Rampage  .    u - +0 cloak {Stlth+}
rCorr   .                        B - +2 pair of gloves
Will    .....                    (boots unavailable)
Stlth   +++                      d - amulet of regeneration
HPRegen 1.07/turn                v - ring of protection from cold
MPRegen 0.16/turn                o - +5 ring of evasion

@: flying quickly and evasively, quick
A: beak, talons 3, nimble flight
a: Renounce Religion


You were on level 7 of the Dungeon.
You worshipped Vehumet.
Vehumet was noncommittal.
You visited 2 branches of the dungeon, and saw 8 of its levels.

You collected 250 gold pieces.

Inventory:

Hand Weapons
 c - a +0 dagger of speed
 h - a +0 short sword of electrocution (weapon)
 m - a +1 dagger of venom
Armour
 a - a +0 robe (worn)
 n - an orb of guile
 q - an orb of mayhem
 u - a +0 cloak of stealth (worn)
 w - a scarf of shadows
 B - a +2 pair of gloves (worn)
Jewellery
 d - an amulet of regeneration (around neck)
 l - a +6 ring of strength
 o - a +5 ring of evasion (right hand)
 v - a ring of protection from cold (left hand)
Wands
 r - a wand of light (7)
 y - a wand of flame (15)
Scrolls
 e - 6 scrolls of teleportation
 f - 3 scrolls of magic mapping
 i - a scroll of immolation
 j - 2 scrolls of noise
 k - a scroll of enchant weapon
 s - a scroll of silence
 x - a scroll of blinking {unknown}
 A - a scroll of fog {unknown}
 D - a scroll of vulnerability {unknown}
Potions
 b - a potion of magic
 p - 2 potions of cancellation
 t - 3 potions of ambrosia
 z - 2 potions of brilliance
 C - a potion of attraction


   Skills:
 - Level 2.1 Dodging
 - Level 2.0 Stealth
 + Level 5.7 Spellcasting
 * Level 12.1 Conjurations
 + Level 2.2 Translocations
 - Level 5.0 Air Magic


You had 12 spell levels left.
You knew the following spells:

 Your Spells              Type           Power      Damage    Failure   Level
a - Magic Dart            Conj           100%       1d8       1%          1
b - Searing Ray           Conj           100%       2d8       1%          2
d - Iskenderun's Mystic   Conj/Tloc      39%        2d9       4%          4

Your spell library contained the following spells:

 Spells                   Type           Power      Damage    Failure   Level
 Dazzling Flash           Conj/Hex       68%        N/A       2%          3
 Stone Arrow              Conj/Erth      68%        3d11      2%          3
 Fulminant Prism          Conj/Hex       17%        3d10      7%          4
 Animate Armour           Summ/Erth      12%        N/A       65%         4
 Lehudib's Crystal Spear  Conj/Erth      17%        10d5      100%        8


Dungeon Overview and Level Annotations

Branches:
Dungeon (7/15)             Temple (1/1) D:5

Altars:
Ashenzari
Dithmenos
Fedhas
Hepliaklqana
Makhleb
Nemelex Xobeh
Okawaru
Qazlal
Ru
Trog
Uskayaw
Vehumet
Wu Jian
Xom
Yredelemnul
Zin

Shops:
D:1 *   D:4 :*

Annotations:
D:6 Pikel


Innate Abilities, Weirdness & Mutations

You have a beak for a mouth.
You have claws for feet.
Your magical nature lets you fly swiftly and evasively.


Message History

The searing ray hits the steam dragon.
The steam dragon is lightly wounded. (Press . to maintain the ray.) Unknown command.
The searing ray misses the steam dragon.
Unknown command.
The searing ray hits the steam dragon!
The steam dragon is moderately wounded.
The searing ray hits the orc!
You kill the orc!
Vehumet accepts your kill. The steam dragon breathes steam at you.
The ball of steam hits you.
You hear a shout! x5; You hear a croak.
The searing ray hits the steam dragon but does no damage.
The steam dragon is moderately wounded.
You finish channelling your searing ray.
You are engulfed in a cloud of scalding steam.
Unknown command.
Casting: Searing Ray (safe; 1% risk of failure)
Confirm with . or Enter, or press ? or * to list all spells.
Aiming: Searing Ray (safe; 1% risk of failure)
Press: ? - help, Shift-Dir - straight line, f/p - steam dragon
Aim: a steam dragon (moderately wounded, 83% to hit)
The searing ray hits the steam dragon but does no damage.
The steam dragon is moderately wounded. (Press . to maintain the ray.)
You are engulfed in a cloud of scalding steam.
The steam dragon misses you. The steam dragon claws you.
The searing ray hits the steam dragon!
The steam dragon is severely wounded.
The steam dragon breathes steam at you. The ball of steam hits you!
* * * LOW HITPOINT WARNING * * *
You hear a loud, deep croak!
You hear a shout! x3; You hear a howl!
Unknown command.
Okay, then.
The steam dragon breathes steam at you. The ball of steam hits you!
You die...

.. .# # #c# .#### ..#
...# ..# #.##..# c
.############@§...#...o
.......<...§§§§D..)...o
###############........
#...##... ....# . ..#.#
..##.# ## .# .#


You could see a steam dragon (catching breath).

Vanquished Creatures
  Grinder (D:6)
  Sigmund (D:4)
  Menkaure (D:4)
  A water moccasin (D:6)
  An ice beast (D:4)
  A sky beast (D:6)
  A lemure (D:5)
  A phantom (D:5)
  A kobold brigand (D:5)
  2 scorpions
  9 hounds
  Crazy Yiuf (D:4)
  A gnoll bouda (D:5)
  A jelly (D:4)
  3 iguanas
  3 orc wizards
  A sleepcap (D:4)
  Natasha (D:3)
  4 gnolls (D:5)
  6 adders
  A white imp (D:6)
  An ufetubus (D:4)
  2 worms
  A dart slug (D:3)
  25 orcs
  5 ball pythons
  5 endoplasms
  2 giant cockroaches
  10 goblins
  8 hobgoblins
  A jackal (D:5)
  2 quokkas (D:2)
  6 bats
  3 frilled lizards
  15 kobolds
  4 rats
132 creatures vanquished.

Notes
Turn   | Place    | Note
-------+----------+-------------------------------------------
     0 | D:1      | pokedragonboy the Tengu Conjurer began the quest for the
                  | Orb.
     0 | D:1      | Reached XP level 1. HP: 10/10 MP: 4/4
   325 | D:1      | Reached XP level 2. HP: 15/15 MP: 1/6
   331 | D:1      | Reached skill level 1 in Air Magic
   757 | D:1      | Learned a level 2 spell: Searing Ray
  1023 | D:1      | Found Zutood's Assorted Antiques.
  1126 | D:2      | Reached XP level 3. HP: 19/19 MP: 3/7
  1138 | D:2      | Reached skill level 6 in Conjurations
  1618 | D:2      | Reached XP level 4. HP: 20/24 MP: 2/8
  2829 | D:3      | Gained mutation: Your magical nature lets you fly swiftly
                  | and evasively. [Tengu growth]
  2829 | D:3      | Reached XP level 5. HP: 28/28 MP: 5/10
  3303 | D:3      | Noticed Natasha
  3306 | D:3      | Killed Natasha
  3307 | D:3      | Reached skill level 7 in Conjurations
  3672 | D:4      | Found an ornate altar of the Wu Jian Council.
  3682 | D:4      | Noticed an ice beast
  3745 | D:4      | Found a runed translucent door.
  3746 | D:4      | Noticed Crazy Yiuf
  3753 | D:4      | Killed Crazy Yiuf
  3754 | D:4      | Reached XP level 6. HP: 32/32 MP: 5/11
  3936 | D:4      | Found Ypsoun's Fire Supplies.
  3936 | D:4      | Noticed Menkaure
  3943 | D:4      | Killed Menkaure
  3944 | D:4      | Reached skill level 8 in Conjurations
  4101 | D:4      | Reached XP level 7. HP: 36/36 MP: 9/13
  4312 | D:4      | Found a stormy altar of Qazlal.
  4312 | D:4      | Found a hide-covered altar of Uskayaw.
  4572 | D:4      | Found Roaju's Book Shop.
  4623 | D:4      | Noticed Sigmund
  4629 | D:4      | Killed Sigmund
  4630 | D:4      | Reached skill level 9 in Conjurations
  4630 | D:4      | Reached skill level 5 in Air Magic
  5054 | D:5      | Entered Level 5 of the Dungeon
  5060 | D:5      | Found a staircase to the Ecumenical Temple.
  5089 | D:5      | Reached skill level 10 in Conjurations
  5089 | D:5      | Reached XP level 8. HP: 35/41 MP: 4/15
  5108 | Temple   | Entered the Ecumenical Temple
  5296 | Temple   | Became a worshipper of Vehumet
  5588 | D:5      | Found a shadowy altar of Dithmenos.
  5594 | D:5      | Learned a level 4 spell: Iskenderun's Mystic Blast
  5750 | D:5      | Found a burning altar of Makhleb.
  6206 | D:5      | Found a hazy altar of Hepliaklqana.
  6286 | D:5      | Reached skill level 5 in Spellcasting
  6691 | D:5      | Reached skill level 11 in Conjurations
  6920 | D:5      | Found a glowing silver altar of Zin.
  7038 | D:6      | Noticed Pikel
  7310 | D:6      | Noticed Grinder
  7321 | D:6      | Paralysed by Grinder for 3 turns
  7327 | D:6      | Killed Grinder
  7328 | D:6      | Reached skill level 1 in Translocations
  7480 | D:6      | Reached XP level 9. HP: 45/45 MP: 12/18
  7545 | D:6      | Reached skill level 12 in Conjurations
  7902 | D:7      | Killed from afar by a steam dragon

Illustrated notes

Levels and vault maps discovered:
D:1:      elethiomel_arrival_maze, layout_basic, serial_shops, shop
D:2:      cheibrodos_old_hovel, layout_basic, guppyfry_early_orc_mine
D:3:      layout_loops_ring, uniq_natasha
D:4:      layout_loops_ring, mainiacjoe_overflow_divided_tiny,
          nzn_wu_jian_contemplation, serial_shops, shop, nicolae_shop_fire_sale
          [nicolae_sub_dead_trees], uniq_menkaure, uniq_sigmund,
          uniq_crazy_yiuf_cottage
D:5:      layout_layer_cave, zin_treasury, makhleb_heckhound_becter,
          mainiacjoe_overflow_surrounded_room, lemuel_round_altar,
          minmay_temple_entry_grid, st_stairs_7, cheibrodos_gnoll_hut
D:6:      layout_layer_cave, uniq_grinder, uniq_pikel
D:7:      layout_rooms
Temple:   grunt_temple_mini_profane

Skill      XL: |  1  2  3  4  5  6  7  8  9 |
---------------+----------------------------+-----
Air Magic      | 1 2 3 4 5 |  5.0
Conjurations   | 6 7 8 10 11 12 | 12.1
Spellcasting   | 3 4 5 |  5.7
Translocations | 1 2 |  2.2
Dodging        | |  2.1
Stealth        | |  2.0

Action                     |  1- 3 |  4- 6 |  7- 9 || total
---------------------------+-------+-------+-------++-------
  Melee: Dagger            |     2 |       |       ||     2
         Short sword       |     4 |     7 |     1 ||    12
         Kick              |     1 |     2 |       ||     3
   Cast: Magic Dart        |    49 |    72 |    49 ||   170
         Searing Ray       |     3 |    14 |    45 ||    62
    Use: Scroll            |       |     4 |     7 ||    11
 Armour: Robe              |     4 |     1 |     4 ||     9
  Dodge: Dodged            |    11 |    17 |    30 ||    58

Table legend: (Time is in decaauts)
 A = Elapsed time spent in this place.
 B = Non-inter-level travel time spent in this place.
 C = Inter-level travel time spent in this place.
 D = Time resting spent in this place.
 E = Time spent auto-exploring this place.
 F = Levels seen in this place.
 G = Mean time per level.
                   A        B        C        D        E       F      G
               +--------+--------+--------+--------+--------+-----+--------+
         Total |   7590 |   7288 |    302 |    779 |   5705 |   8 |  948.8 |
       Dungeon |   7332 |   7052 |    280 |    779 |   5478 |   7 | 1047.4 |
        Temple |    258 |    237 |     21 |      0 |    226 |   1 |  258.0 |
               +--------+--------+--------+--------+--------+-----+--------+

Top non-repeatable levels by time:
     D:5: 1633 daAuts
     D:4: 1421 daAuts
     D:2: 1402 daAuts
     D:1: 1111 daAuts
     D:3: 983 daAuts
     D:6: 765 daAuts
  Temple: 258 daAuts
     D:7: 14 daAuts
